 Dungeon Crawl Stone Soup version 0.31-a0-366-ga77b45bd9b (webtiles) character file.

Game seed: 8740886823853550617

5978 Grim the Fighter (level 10, -7/145 HPs)
             Began as a Minotaur Berserker on July 28, 2023.
             Was an Elder of Trog.
             Killed from afar by an electric eel (10 damage)
             ... with a bolt of electricity
             ... on level 9 of the Dungeon.
             The game lasted 00:11:35 (7421 turns).

Grim the Fighter (Minotaur Berserker)               Turns: 7421, Time: 00:11:36

Health: -7/145     AC: 14    Str: 30    XL:     10   Next: 55%
Magic:  0/0        EV: 12    Int:  6    God:    Trog [****..]
Gold:   593        SH:  0    Dex: 10    Spells: 9/9 levels left

rFire   . . .        r - +0 war axe
rCold   + . .        (no shield)
rNeg    . . .        h - +3 leather armour "Rodiotorphe" {rC+ rCorr MP-9 SInv}
rPois   .            (helmet restricted)
rElec   .            m - +0 cloak
rCorr   +            (no gloves)
SInv    +            E - +0 pair of boots
Will    .....        u - amulet of faith
Stlth   x              - +4 ring of protection
HPRegen 0.44/turn    I - +6 ring of strength
MPRegen 0.07/turn

%: faith
@: berserking, very quick
A: horns 2, retaliatory headbutt
a: Renounce Religion, Berserk, Trog's Hand, Brothers in Arms


You were on level 9 of the Dungeon.
You worshipped Trog.
Trog was greatly pleased with you.
You visited 1 branch of the dungeon, and saw 9 of its levels.

You collected 593 gold pieces.

Inventory:

Hand Weapons
 r - a +0 war axe (weapon)
 G - a +3 battleaxe
Missiles
 K - a throwing net
Armour
 b - a +0 animal skin
 e - a +0 chain mail
 h - the +3 leather armour "Rodiotorphe" (worn) {rC+ rCorr MP-9 SInv}
   (You found it on level 2 of the Dungeon)

   rC:        It protects you from cold.
   MP:        It affects your magic capacity (-9).
   SInv:      It lets you see invisible.
   rCorr:     It protects you from acid and corrosion.
 m - a +0 cloak (worn)
 E - a +0 pair of boots (worn)
Jewellery
 u - an amulet of faith (around neck)
 x - a +4 ring of protection (left hand)
 I - a +6 ring of strength (right hand)
 L - a +6 ring of strength
Wands
 k - a wand of mindburst (34)
 w - a wand of paralysis (4)
 y - a wand of flame (17)
 F - a wand of roots (5)
Scrolls
 c - a scroll of fog {unknown}
 f - 2 scrolls of blinking {unknown}
 j - 3 scrolls of identify {unknown}
 l - 4 scrolls of teleportation
 n - a scroll of fear {unknown}
 p - a scroll of amnesia {unknown}
 q - 2 scrolls of enchant armour {unknown}
 s - a scroll of torment {unknown}
 z - a scroll of acquirement {unknown}
 A - 2 scrolls of poison {unknown}
 D - a scroll of noise {unknown}
Potions
 a - a potion of attraction {unknown}
 d - 4 potions of curing
 g - 2 potions of invisibility {unknown}
 i - a potion of might {unknown}
 o - 3 potions of cancellation {unknown}
 t - 2 potions of enlightenment {unknown}
 v - 2 potions of lignification {unknown}
 B - 2 potions of haste {unknown}
 C - 2 potions of brilliance {unknown}
 H - a potion of ambrosia {unknown}
 J - 2 potions of heal wounds {unknown}


   Skills:
 - Level 11.9 Fighting
 - Level 11.4 Axes
 + Level 11.2 Armour
 - Level 2.1 Dodging


You had 9 spell levels left.
You didn't know any spells.
Your spell library was empty.

Dungeon Overview and Level Annotations

Branches:
Dungeon (9/15)             Temple (0/1) D:6
   Lair: D:8-11         Orc: D:9-12

Altars:
Dithmenos
Okawaru
Ru
The Shining One

Shops:
D:6 =::


Innate Abilities, Weirdness & Mutations

You have a pair of horns on your head.
You reflexively headbutt those who attack you in melee.


Message History

* * * LOW HITPOINT WARNING * * *
The bolt of electricity hits you!
* * * LOW HITPOINT WARNING * * *
You hit the electric eel.
The electric eel is lightly wounded.
The electric eel shoots out a bolt of lightning at you!
The bolt of electricity hits you.
* * * LOW HITPOINT WARNING * * *
The bolt of electricity hits you.
* * * LOW HITPOINT WARNING * * *
The bolt of electricity hits the electric eel.
The electric eel completely resists.
The electric eel shoots out a bolt of lightning at you!
The bolt of electricity hits you!
* * * LOW HITPOINT WARNING * * *
The bolt of electricity hits you.
* * * LOW HITPOINT WARNING * * *
The bolt of electricity hits the electric eel.
The electric eel completely resists.
Unknown command.
It was a potion of curing.
You feel better.
The electric eel shoots out a bolt of lightning at you!
The bolt of electricity hits you.
* * * LOW HITPOINT WARNING * * *
The bolt of electricity hits you.
* * * LOW HITPOINT WARNING * * *
The bolt of electricity hits the electric eel.
The electric eel completely resists.
The electric eel shoots out a bolt of lightning at you!
The bolt of electricity hits you.
* * * LOW HITPOINT WARNING * * *
The bolt of electricity hits you.
* * * LOW HITPOINT WARNING * * *
The bolt of electricity hits the electric eel.
The electric eel completely resists.
A red film seems to cover your vision as you go berserk!
You feel yourself moving faster!
You feel mighty!
The electric eel shoots out a bolt of lightning at you!
The bolt of electricity hits you!
You die...

############
#######...........
#.................
#.≈≈≈≈≈≈≈≈≈≈≈≈≈≈≈≈
##.≈≈≈≈≈≈≈≈≈≈≈≈≈≈≈≈
#.@S≈##############
#..≈≈# #..S≈#
#..≈≈# #..≈≈#
#..≈≈# #..≈≈#
#..≈≈≈ ≈≈≈≈≈≈≈≈


You could see 2 electric eels.

Vanquished Creatures
  A two-headed ogre (D:8)
  2 hornets (D:8)
  5 slime creatures
  Eustachio (D:6)
  A wyvern (D:7)
  3 yaks (D:8)
  A steam dragon (D:8)
  2 water moccasins (D:7)
  6 orc warriors
  2 sky beasts (D:8)
  An ice beast (D:8)
  An ogre (D:6)
  A phantom (D:5)
  A kobold brigand (D:9)
  A bullfrog (D:7)
  5 scorpions
  5 wights (D:7)
  3 killer bees (D:9)
  6 howler monkeys
  2 hounds
  2 jellies
  3 orc priests
  2 gnoll boudas
  4 iguanas
  2 sleepcaps
  8 orc wizards
  12 gnolls
  5 adders
  2 white imps
  A worm (D:3)
  2 dart slugs
  31 orcs
  5 endoplasms
  3 giant cockroaches
  7 goblins
  8 hobgoblins
  3 jackals (D:1)
  7 kobolds
  4 quokkas
  7 ball pythons
  8 bats
  5 frilled lizards
  2 rats (D:3)
183 creatures vanquished.

Vanquished Creatures (collateral kills)
  A killer bee (D:9)
1 creature vanquished.

Vanquished Creatures (others)
  2 howler monkeys (D:9)
2 creatures vanquished.

Grand Total: 186 creatures vanquished

Notes
Turn   | Place    | Note
-------+----------+-------------------------------------------
     0 | D:1      | Grim the Minotaur Berserker began the quest for the Orb.
     0 | D:1      | Reached XP level 1. HP: 19/19 MP: 0/0
   160 | D:1      | Reached XP level 2. HP: 24/26 MP: 1/1
   337 | D:1      | Found a faded altar of an unknown god.
   411 | D:1      | Reached skill level 5 in Axes
   440 | D:1      | Reached XP level 3. HP: 31/31 MP: 2/2
   534 | D:1      | Reached ** piety under Trog
   695 | D:2      | Identified the +3 leather armour "Rodiotorphe" {rC+ rCorr
                  | MP-9 SInv}
  1264 | D:3      | Identified the +4 morningstar "Noicul" {distort, Str+3}
  1310 | D:3      | Reached XP level 4. HP: 39/39 MP: 0/3
  1366 | D:3      | Identified the +6 sling of Inflation {heavy, rElec rPois
                  | Int+3}
  1894 | D:3      | Found a shadowy altar of Dithmenos.
  1898 | D:3      | Found a sacrificial altar of Ru.
  1903 | D:3      | Found an iron altar of Okawaru.
  2196 | D:4      | Reached XP level 5. HP: 45/45 MP: 0/4
  2693 | D:5      | Entered Level 5 of the Dungeon
  2710 | D:5      | Reached XP level 6. HP: 51/51 MP: 0/5
  2969 | D:5      | Reached *** piety under Trog
  3378 | D:5      | Reached XP level 7. HP: 56/57 MP: 0/6
  3480 | D:6      | Found Omatrett's Book Emporium.
  3493 | D:6      | Reached skill level 10 in Axes
  3520 | D:6      | Found a glowing golden altar of the Shining One.
  3782 | D:6      | Found a staircase to the Ecumenical Temple.
  3788 | D:6      | Found Awammil's Jewellery Shoppe.
  3911 | D:6      | Noticed Eustachio
  3923 | D:6      | Killed Eustachio
  4092 | D:6      | Found Viajairph's Book Boutique.
  4117 | D:6      | Reached XP level 8. HP: 65/67 MP: 0/7
  4299 | D:6      | Reached skill level 5 in Fighting
  4775 | D:7      | Reached **** piety under Trog
  4827 | D:7      | Reached XP level 9. HP: 85/85 MP: 0/8
  4829 | D:7      | Reached skill level 10 in Fighting
  5319 | D:8      | Noticed a two-headed ogre
  5327 | D:8      | Killed a two-headed ogre
  5479 | D:8      | Reached skill level 5 in Armour
  5598 | D:8      | Paralysed by a hornet for 3 turns
  6081 | D:8      | Killed a large slime creature
  6082 | D:8      | Reached XP level 10. HP: 97/97 MP: 0/9
  6818 | D:9      | Reached skill level 10 in Armour
  7233 | D:9      | Identified the +3 robe of Submission {rElec Int+4}
  7420 | D:9      | HP: 2/97 [electric eel/bolt of electricity (5)]
  7421 | D:9      | Killed from afar by an electric eel

Illustrated notes

Levels and vault maps discovered:
D:1:      saegor_arrival_miasma, layout_basic, ebering_ecumenical_altar_rust,
          minmay_crystal_room
D:2:      layout_rooms, wander_ebering_terrifying_dragon_lair
D:3:      minmay_general_purpose_star, layout_loops_corners,
          grunt_temple_overflow_diamond
D:4:      layout_basic
D:5:      layout_cave_pods, st_stairs_5
D:6:      layout_layer_cave, kennysheep_mini, temple_doors_e, serial_shops,
          nicolae_shop_gaudy_bauble, nicolae_shop_tiny_statue_garden,
          nicolae_shop_gibbet_a_chance, uniq_eustachio
D:7:      layout_cave_pools
D:8:      layout_rooms
D:9:      layout_rooms, erik_orc_2, serial_aquarium, aquarium_bridge_long_joined
          [aquarium_subvault_bridge, aquarium_subvault_bridge,
          aquarium_subvault_bridge, aquarium_subvault_bridge,
          aquarium_subvault_wall, aquarium_subvault_wall],
          aquarium_bridge_square [aquarium_subvault_window,
          aquarium_subvault_bridge, aquarium_subvault_bridge,
          aquarium_subvault_wall], aquarium_window_corridor_3,
          aquarium_window_fake, aquarium_window_1, aquarium_view_2f,
          aquarium_balcony_3b

Skill      XL: |  1  2  3  4  5  6  7  8  9 10 |
---------------+-------------------------------+-----
Axes           | 4 5 7 8 9 11 | 11.4
Fighting       | 4 9 11 | 11.9
Armour         | 8 11 | 11.2
Dodging        | |  2.1

Action                     |  1- 3 |  4- 6 |  7- 9 | 10-12 || total
---------------------------+-------+-------+-------+-------++-------
  Melee: Hand axe          |    95 |     8 |       |       ||   103
         Headbutt          |    11 |     9 |    20 |    14 ||    54
         Punch             |     1 |       |     2 |       ||     3
         War axe           |       |    59 |   147 |    91 ||   297
 Invoke: Berserk           |     1 |     1 |     4 |     4 ||    10
         Trog's Hand       |       |       |     2 |     2 ||     4
         Brothers in Arms  |       |       |     1 |     1 ||     2
    Use: Scroll            |       |       |     1 |       ||     1
         Potion            |       |       |       |     1 ||     1
 Armour: Animal skin       |    17 |       |       |       ||    17
         Leather armour    |    15 |    21 |    52 |    45 ||   133
  Dodge: Dodged            |    63 |    45 |    95 |    68 ||   271

Table legend: (Time is in decaauts)
 A = Elapsed time spent in this place.
 B = Non-inter-level travel time spent in this place.
 C = Inter-level travel time spent in this place.
 D = Time resting spent in this place.
 E = Time spent auto-exploring this place.
 F = Levels seen in this place.
 G = Mean time per level.
                   A        B        C        D        E       F      G
               +--------+--------+--------+--------+--------+-----+--------+
         Total |   7506 |   7194 |    312 |   1175 |   5006 |   9 |  834.0 |
       Dungeon |   7506 |   7194 |    312 |   1175 |   5006 |   9 |  834.0 |
               +--------+--------+--------+--------+--------+-----+--------+

Top non-repeatable levels by time:
     D:8: 1490 daAuts
     D:6: 1308 daAuts
     D:3: 1008 daAuts
     D:5: 790 daAuts
     D:1: 642 daAuts
     D:9: 619 daAuts
     D:4: 606 daAuts
     D:7: 584 daAuts
     D:2: 458 daAuts
